 Dungeon Crawl Stone Soup version 0.29-a0-994-gc5c9f59d18 (webtiles) character file.

Game seed: 7472770086122607515

307 Kinoniko the Shooter (level 6, 0/37 HPs)
             Began as a Kobold Arcane Marksman on Aug 3, 2022.
             Slain by a wyvern (12 damage)
             ... on level 4 of the Dungeon.
             The game lasted 00:05:19 (3448 turns).

Kinoniko the Shooter (Kobold Arcane Marksman)       Turns: 3448, Time: 00:05:20

Health: 0/37       AC:  8    Str:  6 (7)  XL:     6   Next: 68%
Magic:  7/7        EV: 16    Int: 13 (15) God:
Gold:   165        SH:  0    Dex: 14 (17) Spells: 6/7 levels left

rFire   . . .      SeeInvis .   a - +1 sling
rCold   . . .      Faith    .   (no shield)
rNeg    . . .      Spirit   .   c - +0 robe
rPois   .          Reflect  .   p - +0 helmet
rElec   .          Harm     .   l - +0 cloak
rCorr   .          Rampage  .   (no gloves)
Will    .....                   (no boots)
Stlth   ++........              (no amulet)
HPRegen 0.12/turn               e - +4 ring of protection
MPRegen 0.10/turn               (no ring)

@: no status effects
A: small, no large weapons, nightstalker 3
a: no special abilities


You were on level 4 of the Dungeon.
You visited 1 branch of the dungeon, and saw 4 of its levels.

You collected 165 gold pieces.

Inventory:

Hand Weapons
 a - a +1 sling (weapon)
Armour
 c - a +0 robe (worn)
 l - a +0 cloak (worn)
 p - a +0 helmet (worn)
Jewellery
 e - a +4 ring of protection (left hand)
 i - a ring of wizardry
Scrolls
 b - 5 scrolls of vulnerability
 f - a scroll of silence
 g - a scroll of noise
 k - a scroll of torment
 m - a scroll of enchant armour
Potions
 h - a potion of attraction
 j - a potion of degeneration
 n - a potion of brilliance


   Skills:
 + Level 3.4 Fighting
 * Level 6.4 Ranged Weapons
 + Level 4.4 Dodging
 - Level 1.1 Spellcasting
 - Level 3.0 Hexes


You had 6 spell levels left.
You knew the following spells:

 Your Spells              Type           Power      Damage    Failure   Level
a - Slow                  Hex            32%        N/A       9%          1

Your spell library contained the following spells:

 Spells                   Type           Power      Damage    Failure   Level
 Ensorcelled Hibernation  Hex/Ice        8%         N/A       22%         2
 Passwall                 Tmut/Erth      0%         N/A       38%         2
 Poisonous Vapours        Pois/Air       0%         N/A       38%         2
 Inner Flame              Hex/Fire       4%         N/A       41%         3
 Portal Projectile        Hex/Tloc       8%         N/A       41%         3
 Spider Form              Tmut/Pois      0%         N/A       63%         3
 Swiftness                Air            0%         N/A       63%         3
 Cause Fear               Hex            4%         N/A       63%         4
 Anguish                  Hex/Necr       2%         N/A       83%         4
 Corpse Rot               Necr/Pois/Air  0%         N/A       95%         4


Dungeon Overview and Level Annotations

Branches:
Dungeon (4/15)
 Temple: D:4-7

Altars:
Fedhas


Innate Abilities, Weirdness & Mutations

You are small and have problems with some larger weapons.
You are completely attuned to the shadows.


Message History

The sling bullet hits the wyvern but does no damage.
The wyvern is heavily wounded.
The wyvern bites you but does no damage.
The wyvern barely misses you.
Unknown command.
Fire: a) +1 sling
Press: ? - help, Shift-Dir - straight line, f/p - wyvern
Aim: a wyvern (heavily wounded, 62% to hit)
You shoot a sling bullet.
The sling bullet barely misses the wyvern.
The wyvern barely misses you.
Unknown command.
Unknown command.
Fire: a) +1 sling
Press: ? - help, Shift-Dir - straight line, f/p - wyvern
Aim: a wyvern (heavily wounded, 62% to hit)
You shoot a sling bullet.
The sling bullet hits the wyvern but does no damage.
The wyvern is heavily wounded.
The wyvern bites you.
* * * LOW HITPOINT WARNING * * *
The wyvern barely misses you.
Unknown command.
Fire: a) +1 sling
Press: ? - help, Shift-Dir - straight line, f/p - wyvern
Aim: a wyvern (heavily wounded, 62% to hit)
You shoot a sling bullet.
The sling bullet hits the wyvern but does no damage.
The wyvern is heavily wounded.
The wyvern bites you but does no damage.
The wyvern closely misses you.
Unknown command.
Unknown command.
Fire: a) +1 sling
Press: ? - help, Shift-Dir - straight line, f/p - wyvern
Aim: a wyvern (heavily wounded, 62% to hit)
You shoot a sling bullet. The sling bullet hits the wyvern.
The wyvern is severely wounded.
The wyvern bites you!
You die...

#..# #####
....##### #...#
........# #.>.#
#.....⌠.###...####
#..l@............#
#...###........8.#
#.## #..........#
# ###.......####
..........#
.8........#
............
##.).###.⌠.. #.<)#
....


You could see a wyvern.

Vanquished Creatures
  Edmund (D:4)
  Natasha (thrice) (D:2)
  4 adders
  2 worms
  A dart slug (D:1)
  7 bats
  10 endoplasms
  4 giant cockroaches
  7 goblins
  9 hobgoblins
  3 jackals (D:2)
  4 quokkas
  9 ball pythons
  6 frilled lizards
  3 kobolds
  7 rats
80 creatures vanquished.

Notes
Turn   | Place    | Note
-------+----------+-------------------------------------------
     0 | D:1      | Kinoniko the Kobold Arcane Marksman began the quest for the
                  | Orb.
     0 | D:1      | Reached XP level 1. HP: 12/12 MP: 2/2
   116 | D:1      | Reached skill level 3 in Ranged Weapons
   146 | D:1      | Reached XP level 2. HP: 14/16 MP: 3/3
   606 | D:1      | Reached XP level 3. HP: 21/21 MP: 4/4
   984 | D:1      | Reached skill level 4 in Ranged Weapons
  1212 | D:2      | Reached XP level 4. HP: 26/26 MP: 5/5
  1552 | D:2      | Noticed Natasha
  1571 | D:2      | Killed Natasha
  1572 | D:2      | Reached XP level 5. HP: 21/31 MP: 3/6
  1772 | D:2      | Reached skill level 5 in Ranged Weapons
  1850 | D:2      | Noticed Natasha
  1857 | D:2      | Killed Natasha
  1972 | D:2      | Found a faded altar of an unknown god.
  1981 | D:2      | Noticed Natasha
  1991 | D:2      | Killed Natasha
  2442 | D:3      | Found a blossoming altar of Fedhas.
  2711 | D:3      | Reached XP level 6. HP: 36/36 MP: 7/7
  3129 | D:4      | Noticed Edmund
  3195 | D:4      | Killed Edmund
  3196 | D:4      | Reached skill level 6 in Ranged Weapons
  3428 | D:4      | Noticed a wyvern
  3448 | D:4      | Slain by a wyvern

Illustrated notes

Levels and vault maps discovered:
D:1:      lightli_arrival_quake, layout_loops_corners, minmay_splitting_lines
D:2:      wad_river_or_something, layout_basic,
          chequers_ecumenical_altar_island, uniq_natasha
D:3:      layout_loops_cross, lemuel_doored_altar
D:4:      layout_loops_ring, enter_ossuary_3, nicolae_elevator_lobby_asterisk,
          uniq_edmund, uniq_duvessa

Skill      XL: |  1  2  3  4  5  6 |
---------------+-------------------+-----
Ranged Weapons | 3 4 5 6 |  6.4
Dodging        | 3 4 |  4.4
Fighting       | 2 3 |  3.4
Spellcasting   | |  1.1
Hexes          | |  3.0

Action                   |  1- 3 |  4- 6 || total
-------------------------+-------+-------++-------
Melee: Sling             |       |     1 ||     1
 Fire: Sling             |    80 |   235 ||   315
 Cast: Slow              |       |    10 ||    10
  Use: Potion            |       |     9 ||     9
       Scroll            |       |     6 ||     6
Armor: Robe              |     4 |    25 ||    29
       Skin              |       |    36 ||    36
Dodge: Dodged            |    33 |    96 ||   129

Table legend: (Time is in decaauts)
 A = Elapsed time spent in this place.
 B = Non-inter-level travel time spent in this place.
 C = Inter-level travel time spent in this place.
 D = Time resting spent in this place.
 E = Time spent auto-exploring this place.
 F = Levels seen in this place.
 G = Mean time per level.
                   A        B        C        D        E       F      G
               +--------+--------+--------+--------+--------+-----+--------+
         Total |   3511 |   3433 |     78 |     48 |   2828 |   4 |  877.8 |
       Dungeon |   3511 |   3433 |     78 |     48 |   2828 |   4 |  877.8 |
               +--------+--------+--------+--------+--------+-----+--------+

Top non-repeatable levels by time:
     D:1: 1161 daAuts
     D:2: 1144 daAuts
     D:3: 879 daAuts
     D:4: 326 daAuts
